 Dungeon Crawl Stone Soup version 0.20-a0-1089-g3fde505 (webtiles) character file.

7724 JeffiDaFish the Basher (level 11, 0/67 HPs)
             Began as a Gargoyle Fighter on May 2, 2017.
             Was a High Priest of Okawaru.
             Slain by a death yak (18 damage)
             ... on level 9 of the Dungeon.
             The game lasted 00:20:24 (8335 turns).

JeffiDaFish the Basher (Gargoyle Fighter)           Turns: 8335, Time: 00:20:24

Health: 0/67       AC: 23    Str: 20    XL:     11   Next: 19%
Magic:  11/11      EV:  6    Int:  9    God:    Okawaru [*****.]
Gold:   376        SH: 13    Dex: 12    Spells: 10/10 levels left

rFire    . . .     SeeInvis .   o - +2 whip (elec)
rCold    . . .     Gourm    .   c - +1 shield
rNeg     + . .     Faith    .   u - +0 plate armour (curse)
rPois    ∞         Spirit   .   (helmet restricted)
rElec    +         Reflect  .   (no cloak)
rCorr    +         Harm     .   (no gloves)
MR       .....                  (no boots)
Stlth    ..........             (no amulet)
Regen    0.3/turn               a - ring of resist corrosion
MPRegen  0.2/turn               (no ring)

@: no status effects
A: horns 1, icy blue scales 1, negative energy resistance 1, electricity
resistance, unbreathing, petrification resistance, rot immunity, AC +7
a: Heroism, Finesse, Renounce Religion


You were on level 9 of the Dungeon.
You worshipped Okawaru.
Okawaru was extremely pleased with you.
You were not hungry.

You visited 2 branches of the dungeon, and saw 11 of its levels.

You collected 376 gold pieces.

Inventory:

Hand Weapons
 o - a +2 whip of electrocution (weapon)
Armour
 b - a +2 helmet
 c - a +1 shield (worn)
 u - a cursed +0 plate armour (worn)
Jewellery
 a - a ring of resist corrosion (left hand)
Scrolls
 g - 2 scrolls of amnesia
 h - 5 scrolls of teleportation
 k - 5 scrolls of identify
 l - 6 scrolls of remove curse
 n - 2 scrolls of magic mapping
Potions
 d - a potion of might
 e - 2 potions of curing
 q - a potion of agility
 r - a potion of heal wounds
Books
 t - a book of Debilitation

   Spells                             Type                      Level
   a - Corona                         Hexes                        1
   b - Slow                           Hexes                        2
   c - Inner Flame                    Hexes/Fire                   3
   d - Portal Projectile              Hexes/Translocation          3
   e - Cause Fear                     Hexes                        4
   f - Leda's Liquefaction            Hexes/Earth                  4
Comestibles
 f - 9 bread rations
 i - 4 royal jellies
 j - 6 meat rations
 s - 3 fruits


   Skills:
 + Level 7.2 Fighting
 + Level 10.3 Maces & Flails
 + Level 9.0 Armour
 + Level 2.4 Dodging
 + Level 2.4 Stealth
 + Level 10.2 Shields


You had 10 spell levels left.
You didn't know any spells.

Dungeon Overview and Level Annotations

Branches:
Dungeon (10/15)            Temple (1/1) D:4            Lair (0/6) D:10
    Orc (0/2) D:9

Altars:
Ashenzari
Cheibriados
Dithmenos
Elyvilon
Fedhas
Gozag
Hepliaklqana
Kikubaaqudgha
Makhleb
Nemelex Xobeh
Okawaru
Qazlal
Ru
Sif Muna
Trog
Uskayaw
Vehumet
Xom
Yredelemnul
Zin

Shops:
D:7 [


Innate Abilities, Weirdness & Mutations

You are resistant to torment.
Your stone body is resilient. (AC +7)
You are immune to poison.
You resist negative energy. (rN+)
You are resistant to electric shocks. (rElec)
You can survive without breathing.
You are immune to petrification.
You are immune to rotting.
You have a pair of small horns on your head.
You are partially covered in icy blue scales. (AC +2)


Message History

You kill the death yak!
Okawaru is honoured by your kill.
Your Armour skill increases to level 9!
You hit the river rat.
The river rat is lightly wounded.
You hit the death yak but do no damage. You hit the death yak but do no damage.
You headbutt the death yak, but do no damage.
You hit the death yak.
The death yak is lightly wounded.
The death yak gores you!
* * * LOW HITPOINT WARNING * * *
You hit the death yak but do no damage.
Lightning courses through the death yak!
The death yak is moderately wounded.
You hit the death yak.
You headbutt the death yak, but do no damage.
The death yak is moderately wounded.
The death yak gores you!!
You die...

#.##### #.........#
......# #...>.....#
......### #.........#
........####.........#
...#.#...............#
...._..#####.........#
####.### #.........#
#..# #######.###
###.## #.@Yr# ..[)#
#####)######
###########..........#
.......##.'..>.......#
.......##.#..........#
.......##.#..........#
.......'..#>.........#
.......####..........#
)......# ############


You could see a death yak and a river rat.

Vanquished Creatures
  2 two-headed ogres
  2 death yaks (D:9)
  The ghost of holmedog the Grappler, a novice TrBe of Trog (D:8)
  The ghost of Cesar21 the Shield-Bearer, a novice FoFi of Hepliaklqana (D:5)
  2 hippogriffs
  A spriggan (D:8)
  2 hungry ghosts
  5 orc warriors
  A phantom (D:9)
  A black bear (D:8)
  4 ogres
  A sky beast (D:9)
  4 centaurs
  A crocodile (D:8)
  A water moccasin zombie (D:5)
  4 bullfrogs
  A scorpion (D:8)
  A wyvern skeleton (D:6)
  6 killer bees
  A howler monkey (D:6)
  4 crimson imps
  A centaur skeleton (D:4)
  5 hounds
  A jelly (D:8)
  7 orc wizards
  An orc priest (D:7)
  2 bullfrog skeletons
  A hell rat (D:10)
  6 iguanas
  7 worker ants
  A killer bee zombie (D:7)
  2 hound zombies
  2 hound skeletons
  A worker ant zombie (D:5)
  2 howler monkey zombies
  5 gnolls
  8 adders
  3 shadow imps
  An ooze (D:2)
  An adder skeleton (D:4)
  5 adder zombies
  A worm (D:3)
  4 dart slugs
  6 leopard geckos
  30 orcs
  5 giant cockroaches
  10 goblins
  8 hobgoblins
  10 jackals
  3 kobolds
  6 quokkas
  6 bats
  4 frilled lizards
  2 leopard gecko zombies (D:5)
  2 quokka skeletons (D:5)
  A quokka zombie (D:5)
  8 rats
214 creatures vanquished.

Notes
Turn   | Place    | Note
-------+----------+-------------------------------------------
     0 | D:1      | JeffiDaFish the Gargoyle Fighter began the quest for the Orb.
     0 | D:1      | Reached XP level 1. HP: 14/14 MP: 1/1
   104 | D:1      | Reached XP level 2. HP: 11/19 MP: 2/2
   507 | D:1      | You fall through a shaft!
   510 | D:2      | Reached XP level 3. HP: 23/23 MP: 3/3
   983 | D:2      | Found a shadowy altar of Dithmenos.
   989 | D:2      | Reached XP level 4. HP: 28/28 MP: 4/4
  1407 | D:3      | Found a sacrificial altar of Ru.
  1784 | D:3      | Gained mutation: You have a pair of small horns on your head. [potion of mutation]
  1784 | D:3      | Gained mutation: You are partially covered in icy blue scales. (AC +2) [potion of mutation]
  1876 | D:3      | Found a white marble altar of Elyvilon.
  2100 | D:4      | Reached XP level 5. HP: 29/32 MP: 5/5
  2217 | D:4      | Found a staircase to the Ecumenical Temple.
  2232 | Temple   | Entered the Ecumenical Temple
  2267 | Temple   | Became a worshipper of Warmaster Okawaru
  2331 | D:4      | Reached skill level 1 in Dodging
  2572 | D:4      | Reached XP level 6. HP: 38/38 MP: 6/6
  2632 | D:4      | Found a bloodstained altar of Trog.
  2632 | D:4      | Found a radiant altar of Vehumet.
  2633 | D:4      | Found a shimmering altar of Xom.
  2875 | D:4      | Reached * piety under Okawaru
  2875 | D:4      | Reached skill level 5 in Shields
  3410 | D:5      | Entered Level 5 of the Dungeon
  3439 | D:5      | Reached XP level 7. HP: 36/43 MP: 7/7
  3703 | D:5      | Noticed Cesar21's ghost (novice FoFi)
  3730 | D:5      | Killed Cesar21's ghost
  3730 | D:5      | Reached ** piety under Okawaru
  3730 | D:5      | Reached skill level 5 in Maces & Flails
  3730 | D:5      | Reached skill level 5 in Armour
  3730 | D:5      | Reached skill level 1 in Stealth
  3730 | D:5      | Reached XP level 8. HP: 44/48 MP: 8/8
  3745 | D:5      | Found a hazy altar of Hepliaklqana.
  4783 | D:6      | Found a snail-covered altar of Cheibriados.
  4840 | D:6      | Reached XP level 9. HP: 51/53 MP: 9/9
  5011 | D:7      | Reached skill level 5 in Fighting
  5279 | D:7      | Found an ancient bone altar of Kikubaaqudgha.
  5316 | D:7      | Found Fageyx's Antique Armour Shop.
  5554 | D:7      | Reached *** piety under Okawaru
  6198 | D:7      | Reached **** piety under Okawaru
  6261 | D:8      | Found a sparkling altar of Nemelex Xobeh.
  6262 | D:8      | Found an opulent altar of Gozag.
  6292 | D:8      | Noticed a two-headed ogre
  6310 | D:8      | Killed a two-headed ogre
  6310 | D:8      | Reached XP level 10. HP: 37/60 MP: 10/10
  6607 | D:8      | Noticed holmedog's ghost (novice TrBe)
  6628 | D:8      | Killed holmedog's ghost
  6628 | D:8      | Reached ***** piety under Okawaru
  7096 | D:8      | Found a shadowy altar of Dithmenos.
  7402 | D:9      | Found a stormy altar of Qazlal.
  7426 | D:9      | Received a gift from Okawaru
  7454 | D:9      | Found a shattered altar of Ashenzari.
  7527 | D:9      | Found a staircase to the Orcish Mines.
  7527 | D:9      | Noticed a two-headed ogre
  7539 | D:9      | Killed a two-headed ogre
  7539 | D:9      | Reached skill level 10 in Maces & Flails
  7985 | D:9      | Reached XP level 11. HP: 66/66 MP: 11/11
  7997 | D:10     | Entered Level 10 of the Dungeon
  7997 | D:10     | Found a staircase to the Lair.
  7997 | D:10     | Noticed a death yak
  7997 | D:10     | Noticed a death yak
  8000 | D:10     | Noticed a death yak
  8046 | D:9      | Killed a death yak
  8046 | D:9      | Reached skill level 10 in Shields
  8329 | D:9      | Killed a death yak
  8335 | D:9      | Slain by a death yak

Vault maps used:
D:1:      ncdulo_smallfort
D:2:      overflow_temple_1_default, first_bread, minmay_stone_trees_small,
          minmay_cut_off
D:3:      lemuel_doored_altar, minmay_misc_feat_nine_boxes,
          nicolae_ru_awakened_eye
D:4:      gammafunk_temple_overflow_forgotten, minmay_temple_entry_glassed_door,
          minmay_misc_feat_square
D:5:      old_standard_altar, serial_undead, serial_undead_b, serial_undead_a,
          serial_undead_d, serial_undead_d
D:6:      kennysheep_slug_shrine
D:7:      kiku_gazebo_pond_becter, serial_shops, shop
D:8:      grunt_temple_overflow_opulence, the_bakery, david_defended_altar_elf
D:9:      ashenzari_altar_1, lemuel_round_altar, orc_0_dummy
D:10:     dpeg_lair_monsters, okawaru_metal_pillars_1_2, uniq_grum, uniq_fannar,
          uniq_snorg
Temple:   cyrus_temple_forest

Skill      XL: |  1  2  3  4  5  6  7  8  9 10 11 |
---------------+----------------------------------+-----
Shields        | 4 5 6 7 8 9 10 | 10.2
Maces & Flails | 3 4 5 6 8 10 | 10.3
Armour         | 4 5 6 7 8 9 |  9.0
Dodging        | 1 2 |  2.4
Fighting       | 4 6 7 |  7.2
Stealth        | 1 2 |  2.4

Action                   |  1- 3 |  4- 6 |  7- 9 | 10-12 || total
-------------------------+-------+-------+-------+-------++-------
Melee: Flail             |   129 |   184 |       |       ||   313
       Headbutt          |       |    18 |    75 |    52 ||   145
       Whip              |       |    47 |   371 |   221 ||   639
  Use: Scroll            |     3 |     6 |     2 |     1 ||    12
       Potion            |     3 |     4 |     6 |     1 ||    14
  Eat: Chunk             |     1 |     8 |     9 |     8 ||    26
Armor: Scale mail        |    75 |       |       |       ||    75
       Chain mail        |    42 |   174 |   120 |    37 ||   373
       Plate armour      |       |       |       |    26 ||    26
Dodge: Dodged            |    54 |    61 |    49 |    32 ||   196
Block: Shield            |    82 |   121 |   149 |   100 ||   452
